 Dungeon Sprint DCSS version 0.27-a0-13-g87abb2d9eb (webtiles) character file.

Game seed: 13144555238694564120

1256 TheScarfBastard the Carver (level 8, -8/85 HPs)
             Began as a Minotaur Berserker on Jan 2, 2021.
             Was an Elder of Trog.
             Mangled by a centaur warrior (12 damage)
             ... in the Dungeon (Sprint I: "Red Sonja").
             The game lasted 00:03:51 (651 turns).

TheScarfBastard the Carver (Minotaur Berserker)      Turns: 651, Time: 00:03:53

Health: -8/85      AC: 11    Str: 25    XL:     8   Next: 26%
Magic:  0/2        EV: 13    Int:  4    God:    Trog [****..]
Gold:   222        SH:  0    Dex:  9    Spells: 7/7 levels left

rFire    . . .     SeeInvis .   k - +1 scythe (antimagic)
rCold    + . .     Faith    .   (shield currently unavailable)
rNeg     . . .     Spirit   +   m - +3 scale mail {rC+}
rPois    .         Reflect  .   (helmet restricted)
rElec    .         Harm     .   (no cloak)
rCorr    .         Rampage  .   (no gloves)
Will     .....     NoTele   +   (no boots)
Stlth    ..........             l - amulet of guardian spirit
HPRegen  0.24/turn              (no ring)
MPRegen  0.08/turn              (no ring)

@: berserk cooldown, slowed, very slow
A: retaliatory headbutt, horns 2
a: Renounce Religion, Berserk, Trog's Hand, Brothers in Arms


You were in the Dungeon.
You worshipped Trog.
Trog was greatly pleased with you.
You visited 1 branch You collected 411 gold pieces.
You spent 189 gold pieces at shops.

Inventory:

Hand Weapons
 a - a +0 falchion
 k - a +1 antimagic scythe (weapon)
Armour
 b - a +0 animal skin
 j - a +4 ring mail of fire resistance
 m - a +3 scale mail of cold resistance (worn)
Jewellery
 l - an amulet of guardian spirit (around neck)
Scrolls
 h - a scroll of blinking
Potions
 c - a potion of curing
 e - a potion of haste
 f - 2 potions of magic
 g - a potion of berserk rage
 i - a potion of lignification {unknown}


   Skills:
 + Level 12.7 Fighting
 + Level 13.1 Long Blades
 + Level 6.7 Polearms
 + Level 8.1 Armour
 + Level 6.4 Dodging


You had 7 spell levels left.
You didn't know any spells.
Your spell library was empty.

Dungeon Overview and Level Annotations

Branches:
Dungeon (1/1)

Altars:
Cheibriados
Dithmenos
Elyvilon
Fedhas
Gozag
Hepliaklqana
Kikubaaqudgha
Makhleb
Nemelex Xobeh
Okawaru
Qazlal
Ru
Sif Muna
Trog
Uskayaw
Vehumet
Wu Jian
Xom
Yredelemnul
Zin
The Shining One
Jiyva
Lugonu

Shops:
D [


Innate Abilities, Weirdness & Mutations

You reflexively headbutt those who attack you in melee.
You have a pair of horns on your head.


Message History

Your unstable footing causes you to fumble your attack.
The centaur warrior hits you!
* * * LOW HITPOINT WARNING * * *
The centaur warrior hits you but does no damage. x2
You barely miss the centaur warrior. You headbutt the centaur warrior.
The centaur warrior is lightly wounded.
The centaur warrior closely misses you. The centaur warrior barely misses you.
The centaur warrior hits you but does no damage.
Your unstable footing causes you to fumble your attack.
The centaur warrior misses you. The centaur warrior barely misses you.
The centaur warrior hits you but does no damage.
The centaur warrior hits you.
* * * LOW HITPOINT WARNING * * *
You slash the centaur warrior!
Your headbutt misses the centaur warrior.
The centaur warrior is moderately wounded.
You are no longer berserk.
You are exhausted.
You feel yourself slow down. The centaur warrior hits you!
You die...

##########################
#<.#..').#..'..#__#..'.).#
#..'..#..'[.#..'..'..#)..#
#..#####'#####'#__####...+
#..####..#...#.####$$#####
#..#__####..##.#§≈§..#
#..#_____##'#_.§@c§.§+
#⌠⌠#_.∩...'..._#§c§..#
####_..__##_.#'##+####
#_____###+#(# ####### ###


You could see 2 centaur warriors.

Vanquished Creatures
  2 kobold demonologists (D)
  A slime creature (D)
  Sigmund (D)
  A yak (D)
  A floating eye (D)
  An ogre (D)
  A jelly (D)
  Ijyb (D)
9 creatures vanquished.

Vanquished Creatures (others)
  A gargoyle (D)
1 creature vanquished.

Grand Total: 10 creatures vanquished

Notes
Turn   | Place    | Note
-------+----------+-------------------------------------------
     0 | D        | TheScarfBastard the Minotaur Berserker began the quest for
                  | the Orb.
     0 | D        | Reached XP level 1. HP: 19/19 MP: 0/0
     4 | D        | Noticed Ijyb
    10 | D        | Killed Ijyb
    11 | D        | Reached skill level 5 in Fighting
    11 | D        | Reached skill level 5 in Long Blades
    11 | D        | Reached XP level 2. HP: 29/29 MP: 1/1
    74 | D        | Noticed an ogre
    80 | D        | Killed an ogre
    81 | D        | Reached skill level 8 in Long Blades
    81 | D        | Reached XP level 3. HP: 10/39 MP: 2/2
    81 | D        | Reached XP level 4. HP: 12/47 MP: 3/3
   337 | D        | Noticed Sigmund
   340 | D        | Killed Sigmund
   340 | D        | Reached ** piety under Trog
   341 | D        | Reached skill level 10 in Long Blades
   341 | D        | Reached skill level 5 in Armour
   341 | D        | Reached XP level 5. HP: 57/57 MP: 0/4
   395 | D        | Found an ornate altar of the Wu Jian Council.
   395 | D        | Found a shimmering blue altar of Sif Muna.
   397 | D        | Found a radiant altar of Vehumet.
   400 | D        | Reached XP level 6. HP: 66/66 MP: 1/5
   441 | D        | Found Giywirha's Antique Armour Emporium.
   441 | D        | Found an ancient bone altar of Kikubaaqudgha.
   441 | D        | Found a hazy altar of Hepliaklqana.
   441 | D        | Found a stormy altar of Qazlal.
   441 | D        | Found a hide-covered altar of Uskayaw.
   441 | D        | Found a blossoming altar of Fedhas.
   441 | D        | Found a bloodstained altar of Trog.
   441 | D        | Found an iron altar of Okawaru.
   441 | D        | Found a basalt altar of Yredelemnul.
   441 | D        | Found a glowing golden altar of the Shining One.
   441 | D        | Found a snail-covered altar of Cheibriados.
   441 | D        | Found a sacrificial altar of Ru.
   441 | D        | Found a glowing silver altar of Zin.
   441 | D        | Found a shadowy altar of Dithmenos.
   441 | D        | Found a white marble altar of Elyvilon.
   441 | D        | Noticed a yak
   444 | D        | Killed a yak
   445 | D        | Reached skill level 10 in Fighting
   445 | D        | Reached skill level 11 in Long Blades
   445 | D        | Reached skill level 1 in Polearms
   445 | D        | Reached skill level 5 in Dodging
   492 | D        | Found an opulent altar of Gozag.
   493 | D        | Found a sparkling altar of Nemelex Xobeh.
   497 | D        | Bought a runed scale mail for 189 gold pieces
   520 | D        | Found a burning altar of Makhleb.
   520 | D        | Found a viscous altar of Jiyva.
   520 | D        | Found a shimmering altar of Xom.
   520 | D        | Found a corrupted altar of Lugonu.
   520 | D        | Noticed a slime creature
   525 | D        | Killed a slime creature
   525 | D        | Reached *** piety under Trog
   526 | D        | Reached skill level 12 in Long Blades
   526 | D        | Reached XP level 7. HP: 74/74 MP: 2/6
   578 | D        | Noticed a kobold demonologist
   578 | D        | Noticed a kobold demonologist
   579 | D        | Paralysed by a floating eye for 3 turns
   587 | D        | Noticed a neqoxec
   588 | D        | Killed a kobold demonologist
   589 | D        | Reached skill level 5 in Polearms
   589 | D        | Reached XP level 8. HP: 84/84 MP: 2/7
   592 | D        | Killed a kobold demonologist
   592 | D        | Reached **** piety under Trog
   593 | D        | Reached skill level 13 in Long Blades
   635 | D        | Noticed a centaur warrior
   638 | D        | Noticed a centaur warrior
   645 | D        | Killed a gargoyle
   650 | D        | HP: 5/127 [centaur warrior (4)]
   651 | D        | Mangled by a centaur warrior

Illustrated notes

Levels and vault maps discovered:
D:        dungeon_sprint_1 [red_sonja_temple_1, red_sonja_temple_small_1]

Skill      XL: |  1  2  3  4  5  6  7  8 |
---------------+-------------------------+-----
Fighting       | 5 7 9 11 12 | 12.7
Long Blades    | 5 8 10 12 13 | 13.1
Armour         | 3 4 5 7 8 |  8.1
Dodging        | 3 4 5 6 |  6.4
Polearms       | 3 5 6 |  6.7

Action                   |  1- 3 |  4- 6 |  7- 9 || total
-------------------------+-------+-------+-------++-------
Melee: Falchion          |     8 |     1 |       ||     9
       Headbutt          |     1 |     1 |     3 ||     5
       Scythe            |       |     7 |    20 ||    27
Invok: Berserk           |     2 |     3 |     2 ||     7
  Use: Potion            |       |       |     1 ||     1
Armor: Scale mail        |       |       |    24 ||    24
Dodge: Dodged            |     5 |     5 |    22 ||    32

Table legend: (Time is in decaauts)
 A = Elapsed time spent in this place.
 B = Non-inter-level travel time spent in this place.
 C = Inter-level travel time spent in this place.
 D = Time resting spent in this place.
 E = Time spent auto-exploring this place.
 F = Levels seen in this place.
 G = Mean time per level.
                   A        B        C        D        E       F      G
               +--------+--------+--------+--------+--------+-----+--------+
         Total |    718 |    718 |      0 |    502 |      0 |   1 |  718.0 |
       Dungeon |    718 |    718 |      0 |    502 |      0 |   1 |  718.0 |
               +--------+--------+--------+--------+--------+-----+--------+

Top non-repeatable levels by time:
       D: 718 daAuts
